 Dungeon Crawl Stone Soup version 0.23.2-30-g0e89c35649 (webtiles) character file.

Game seed: 5183922826207470634

56 ADBD264 the Grave Robber (level 3, 0/19 HPs)
             Began as a Deep Elf Necromancer on June 17, 2019.
             Was an Initiate of Vehumet.
             Slain by an adder (4 damage)
             ... on level 2 of the Dungeon on June 18, 2019.
             The game lasted 00:19:26 (1345 turns).

ADBD264 the Grave Robber (Deep Elf Necromancer)     Turns: 1345, Time: 00:19:27

Health: 0/19       AC:  3    Str:  5    XL:     3   Next: 69%
Magic:  1/10       EV: 12    Int: 20    God:    Vehumet [......]
Gold:   111        SH:  0    Dex: 15    Spells: 5/10 levels left

rFire    . . .     SeeInvis +   d - +0 mace
rCold    . . .     Gourm    .   (no shield)
rNeg     . . .     Faith    .   a - +0 robe
rPois    .         Spirit   .   (no helmet)
rElec    .         Reflect  .   j - +0 cloak
rCorr    .         Harm     .   (no gloves)
MR       .....                  (no boots)
Stlth    ++........             (no amulet)
HPRegen  0.06/turn              b - ring of see invisible
MPRegen  0.12/turn              (no ring)

@: no status effects
A: no striking features
a: Renounce Religion


You were on level 2 of the Dungeon.
You worshipped Vehumet.
Vehumet was noncommittal.
You were not hungry.

You visited 1 branch of the dungeon, and saw 2 of its levels.

You collected 111 gold pieces.

Inventory:

Hand Weapons
 d - a +0 mace (weapon)
Missiles
 e - 8 tomahawks (quivered)
 f - 2 throwing nets
 g - 3 stones
 l - 9 arrows
Armour
 a - a +0 robe (worn)
 j - a +0 cloak (worn)
Jewellery
 b - a ring of see invisible (left hand)
Scrolls
 i - 2 scrolls of identify {unknown}
 k - a scroll of enchant weapon {unknown}
 o - a scroll of amnesia {unknown}
Potions
 c - a potion of mutation {unknown}
 h - a potion of curing {unknown}
 m - a potion of might {unknown}


   Skills:
 + Level 2.4(1.2) Dodging
 + Level 2.6(1.3) Stealth
 + Level 4.3(2.1) Spellcasting
 + Level 5.7(2.8) Necromancy


You had 5 spell levels left.
You knew the following spells:

 Your Spells              Type           Power        Failure   Level  Hunger
a - Pain                  Necr           ##..         4%          1    #......
b - Animate Skeleton      Necr           N/A          4%          1    #......
c - Vampiric Draining     Necr           ##........   14%         3    ###....

Your spell library contained the following spells:

 Spells                   Type           Power        Failure   Level  Hunger
 Regeneration             Chrm/Necr      #.........   26%         3    ###....
 Animate Dead             Necr           N/A          43%         4    #####..


Dungeon Overview and Level Annotations

Branches:
Dungeon (2/15)

Altars:
Ashenzari
Vehumet


Message History

You swap places.
What are your orders? t - Shout!
Orders for allies: a - Attack new target. p - Attack previous target. r - Retreat! s - Stop attacking. g - Guard the area. f - Follow me.
Anything else - Cancel.
Gang up on whom?
Press: ? - help, Dir - move target cursor, f/p - adder
Aim: an adder Attack!
Your frilled lizard skeleton bites the adder.
The adder barely misses you. The adder bites you.
* * * LOW HITPOINT WARNING * * *
Casting: Pain (safe; 4% risk of failure)
Confirm with . or Enter, or press ? or * to list all spells.
You don't have enough magic to cast that spell.
The adder bites you.
You die...

#... ###)......# .###
#..#####.........# ....
####.........##.....#
....####........##..##
.....#
..............#>....#
##### ........##.#
#..Z.#..####
###..#..##.###.#####....#
...............###.......
...............S@.........
..##..##......####.(......
####....)......# ########
........#...#..######
.<.###)###.###......# ...#
#..#...#...###...
...###....Z......###
#####...#...#[.....#
.......###.###..##....


You could see an adder.

Vanquished Creatures
  An adder (D:2)
  An ooze (D:1)
  A worm (D:2)
  2 dart slugs (D:2)
  A leopard gecko (D:1)
  3 orcs (D:2)
  2 ball pythons (D:1)
  2 goblins
  4 hobgoblins
  A quokka (D:2)
  6 bats
  4 frilled lizards
  2 kobolds (D:1)
  4 rats
34 creatures vanquished.

Notes
Turn   | Place    | Note
-------+----------+-------------------------------------------
     0 | D:1      | ADBD264 the Deep Elf Necromancer began the quest for the
                  | Orb.
     0 | D:1      | Reached XP level 1. HP: 10/10 MP: 6/6
     5 | D:1      | Learned a level 1 spell: Animate Skeleton
   114 | D:1      | Reached skill level 5 in Necromancy
   474 | D:1      | Reached XP level 2. HP: 12/15 MP: 5/8
   607 | D:1      | Found a shattered altar of Ashenzari.
   710 | D:1      | Became a worshipper of Ashenzari the Shackled
  1018 | D:2      | Reached XP level 3. HP: 13/19 MP: 6/10
  1023 | D:2      | Learned a level 3 spell: Vampiric Draining
  1073 | D:2      | Found a radiant altar of Vehumet.
  1179 | D:2      | Fell from the grace of Ashenzari
  1179 | D:2      | Became a worshipper of Vehumet
  1345 | D:2      | Slain by an adder

Skill      XL: |  1  2  3 |
---------------+----------+-----
Necromancy     | 5 |  5.7
Spellcasting   | 4 |  4.3
Dodging        | |  2.4
Stealth        | |  2.6

Action                   || total
-------------------------++-------
Melee: Mace              ||    12
 Cast: Pain              ||    49
       Animate Skeleton  ||    11
       Vampiric Draining ||     5
  Eat: Ration            ||     1
Armor: Robe              ||     8
Dodge: Dodged            ||    27
